 Dungeon Crawl Stone Soup version 0.21.1-1-g345015fe64 (webtiles) character file.

60 Nattfarinn the Poker (level 4, -1/34 HPs)
             Began as a Merfolk Gladiator on May 4, 2018.
             Killed from afar by Terence (10 damage)
             ... with a wand of flame (27)
             ... on level 2 of the Dungeon.
             The game lasted 00:03:53 (1407 turns).

Nattfarinn the Poker (Merfolk Gladiator)            Turns: 1407, Time: 00:03:53

Health: -1/34      AC:  4    Str: 15    XL:     4   Next: 6%
Magic:  4/4        EV:  9    Int:  7    God:
Gold:   80         SH: 14    Dex: 15    Spells: 3/3 levels left

rFire    . . .     SeeInvis .   a - +0 trident
rCold    + . .     Gourm    .   i - +2 large shield {rC+}
rNeg     . . .     Faith    .   b - +0 leather armour
rPois    .         Spirit   .   c - +0 helmet
rElec    .         Reflect  .   h - +0 cloak
rCorr    .         Harm     .   q - -2 pair of gloves (curse)
MR       .....                  (no boots)
Stlth    +.........             (no amulet)
HPRegen  0.11/turn              (no ring)
MPRegen  0.09/turn              (no ring)

@: no status effects
A: change form in water, swift swim, stealthy swim
a: no special abilities


You were on level 2 of the Dungeon.
You were not hungry.

You visited 1 branch of the dungeon, and saw 2 of its levels.

You collected 80 gold pieces.

Inventory:

Hand Weapons
 a - a +0 trident (weapon)
Missiles
 d - 3 throwing nets (quivered)
Armour
 b - a +0 leather armour (worn)
 c - a +0 helmet (worn)
 h - a +0 cloak (worn)
 i - a +2 large shield of cold resistance (worn)
 q - a cursed -2 pair of gloves (worn)
Scrolls
 l - 3 scrolls of teleportation
Potions
 o - a potion of resistance {unknown}
 p - a potion of brilliance {unknown}
Comestibles
 f - 7 rations
 g - 7 chunks of flesh


   Skills:
 + Level 2.8 Fighting
 * Level 5.6 Polearms
 - Level 2.0 Throwing
 - Level 4.0 Dodging
 * Level 1.9 Shields


You had 3 spell levels left.
You didn't know any spells.

Dungeon Overview and Level Annotations

Branches:
Dungeon (2/15)

Altars:

Annotations:
D:2 Terence


Message History

You puncture Terence!
Terence is severely wounded.
Terence zaps a wand.
The puff of flame hits you!
* * * LOW HITPOINT WARNING * * *
You block Terence's attack.
You closely miss Terence.
Terence is severely wounded.
Terence hits you but does no damage. You block Terence's attack.
You feel better.
Terence zaps a wand.
You block the puff of flame. Terence barely misses you.
You barely miss Terence.
Terence is severely wounded.
You block Terence's attack.
Your shield and leather armour prevent you from hitting Terence.
Terence is severely wounded.
You block Terence's attack. x2
You hit Terence.
Terence is severely wounded.
Terence zaps a wand.
The puff of flame hits you!
You die...

* **,,,,,,,*#.#.##.#.#
##.......
*,,,,,,,*#.#.####.#
##.....#
*,,,,,,,*#.#.####.#
##...##
*******,,,***#........#
##+## ,,,* *,,,*
###.###### #.# **,*
**,** #.# #.# *,* *,*
##.##### ##.### *,* *,*
#..^...# ##....# *,*
*,* #.@###.# #.....#
**,*****,*
#.@#**,*#####......
,,,,,,,,,*
#...,..............
**,*******
#.####..#*#.#......
,,,* #.***#..#
#.......# ****
#.,,,,..# ####....#
##****#.# #>.###
#.######..# #.........#


You could see Terence.

Vanquished Creatures
  An adder (D:2)
  An ooze (D:1)
  2 worms (D:2)
  5 giant cockroaches (D:2)
  5 hobgoblins
  2 jackals
  A quokka (D:2)
  A ball python (D:1)
  4 bats (D:2)
  6 goblins
  6 kobolds
  5 rats
39 creatures vanquished.

Notes
Turn   | Place    | Note
-------+----------+-------------------------------------------
     0 | D:1      | Nattfarinn the Merfolk Gladiator began the quest for the Orb.
     0 | D:1      | Reached XP level 1. HP: 16/16 MP: 1/1
   315 | D:1      | Reached XP level 2. HP: 23/23 MP: 2/2
   374 | D:1      | Reached skill level 5 in Polearms
   502 | D:1      | Reached skill level 1 in Shields
   740 | D:2      | Reached XP level 3. HP: 27/28 MP: 3/3
  1342 | D:2      | Reached XP level 4. HP: 21/34 MP: 4/4
  1394 | D:2      | Noticed Terence
  1407 | D:2      | Killed from afar by Terence

Skill      XL: |  1  2 |
---------------+-------+-----
Polearms       | 5 |  5.6
Shields        | 1 |  1.9
Fighting       | |  2.8
Throwing       | |  2.0
Dodging        | |  4.0

Action                   |  1- 3 |  4- 6 || total
-------------------------+-------+-------++-------
Melee: Trident           |   114 |     9 ||   123
  Use: Scroll            |     9 |       ||     9
       Potion            |       |     1 ||     1
 Stab: Sleeping          |     3 |       ||     3
  Eat: Chunk             |     1 |     1 ||     2
Armor: Leather armour    |    14 |     2 ||    16
Dodge: Dodged            |    21 |     1 ||    22
Block: Large shield      |    58 |     7 ||    65
